 Dungeon Crawl Stone Soup version 0.20-a0-2-g2b0e13a (webtiles) character file.

1360 JeffiDaFish the Fighter (level 8, -7/57 HPs)
             Began as a Gargoyle Fighter on Oct 29, 2016.
             Was a Believer of Makhleb.
             Mangled by a hill giant
             ... wielding a +0 giant club
              (24 damage)
             ... on level 8 of the Dungeon.
             The game lasted 00:09:47 (3648 turns).

JeffiDaFish the Fighter (Gargoyle Fighter)          Turns: 3648, Time: 00:09:48

Health: -7/57      AC: 19    Str: 23    XL:     8   Next: 64%
Magic:  8/8        EV:  7    Int: 12    God:    Makhleb [**....]
Gold:   191        SH: 10    Dex:  9    Spells: 0 memorised, 7 levels left

rFire  . . .     SeeInvis .     n - +4 mace (protect)
rCold  . . .     Gourm    .     b - +0 scale mail
rNeg   + . .     Faith    .     c - +1 shield
rPois  ∞         Spirit   .     (helmet restricted)
rElec  +         Reflect  .     (no cloak)
rCorr  .         Harm     .     (no gloves)
MR     .....                    (no boots)
Stlth  ..........               (no amulet)
                                o - +4 ring of intelligence
                                m - ring of poison resistance

@: protection aura
A: antennae 1, mutation resistance 1, negative energy resistance 1, electricity
resistance, unbreathing, petrification resistance, rot immunity, AC +5
a: Minor Destruction, Renounce Religion


You were on level 8 of the Dungeon.
You worshipped Makhleb.
Makhleb was pleased with you.
You were not hungry.

You visited 1 branch of the dungeon, and saw 6 of its levels.

You collected 191 gold pieces.

Inventory:

Hand Weapons
 a - a +0 flail
 n - a +4 mace of protection (weapon)
Armour
 b - a +0 scale mail (worn)
 c - a +1 shield (worn)
Jewellery
 m - a ring of poison resistance (left hand)
 o - a +4 ring of intelligence (right hand)
Wands
 k - a wand of iceblast (7/15)
Scrolls
 j - a scroll of fog
 p - 2 scrolls of remove curse
 q - a scroll of amnesia
 r - a scroll of identify
 s - a scroll of teleportation
 t - a scroll of recharging
Potions
 e - a potion of curing
Comestibles
 d - 3 chunks of flesh
 f - 4 bread rations
 h - 2 beef jerkies
 i - 5 meat rations


   Skills:
 * Level 9.8 Fighting
 + Level 6.2 Maces & Flails
 - Level 3.2 Armour
 - Level 3.2 Shields


You had 7 spell levels left.
You didn't know any spells.

Dungeon Overview and Level Annotations

Branches:
Dungeon (5/15)
 Temple: D:4-7

Altars:
Ashenzari
Elyvilon
Makhleb
Qazlal
Uskayaw
Xom


Innate Abilities, Weirdness & Mutations

You are resistant to torment.
Your stone body is resilient. (AC +5)
You are immune to poison.
You resist negative energy. (rN+)
You are resistant to electric shocks. (rElec)
You can survive without breathing.
You are immune to petrification.
You are immune to rotting.
You have a pair of small antennae on your head.
You are somewhat resistant to further mutation.


Message History

You sock the hill giant!
The hill giant is moderately wounded.
The hill giant hits you with a giant club!
* * * LOW HITPOINT WARNING * * *
You feel much better.
You hit the hill giant.
The hill giant is heavily wounded.
The hill giant hits you with a giant club!
The crimson imp lashes its tail.
You feel better.
The hill giant hits you with a giant club.
The crimson imp grinds its teeth.
You thump the hill giant!
The hill giant is severely wounded.
The hill giant hits you with a giant club!
* * * LOW HITPOINT WARNING * * *
You hit the hill giant.
The hill giant is severely wounded.
The hill giant hits you with a giant club!!
You die...

{
##################
.#.....#.....#??)#
.#.....#.....#.).#
.#..#).#..#..# $5#
.#..#..#..#..###C#
....#).)..#.....@#
....#.....#......#
##################
..............
.............)
##################
....#.....#......#
....#.....#......#
.#..#..#.)#..###)#


You could see a hill giant and a crimson imp.

Vanquished Creatures
  The ghost of ninjaorigami the Shooter, an amateur TeHu (D:3)
  2 orc warriors (D:8)
  2 phantoms
  A sky beast (D:5)
  An ogre (D:4)
  A scorpion (D:5)
  A killer bee (D:8)
  5 wights (D:8)
  A centaur zombie (D:8)
  A crimson imp (D:8)
  3 orc wizards (D:8)
  2 bullfrog skeletons
  An iguana (D:8)
  A worker ant (D:4)
  A worker ant zombie (D:8)
  A gnoll (D:8)
  6 adders
  An ooze (D:3)
  An adder zombie (D:8)
  4 worms
  2 dart slugs
  A leopard gecko (D:3)
  3 orcs (D:8)
  5 giant cockroaches
  7 goblins
  7 hobgoblins
  5 quokkas
  A ball python (D:1)
  5 bats
  8 frilled lizards
  A jackal skeleton (D:4)
  5 kobolds
  7 rats
94 creatures vanquished.

Notes
Turn   | Place    | Note
-------+----------+-------------------------------------------
     0 | D:1      | JeffiDaFish the Gargoyle Fighter began the quest for the Orb.
     0 | D:1      | Reached XP level 1. HP: 14/14 MP: 1/1
   196 | D:1      | Reached XP level 2. HP: 19/19 MP: 2/2
   475 | D:1      | Gained mutation: You have a pair of small antennae on your head. [potion of beneficial mutation]
   861 | D:2      | Found a hide-covered altar of Uskayaw.
   965 | D:2      | Reached skill level 4 in Fighting
   965 | D:2      | Reached XP level 3. HP: 21/24 MP: 3/3
  1041 | D:2      | Found a burning altar of Makhleb.
  1052 | D:2      | Became a worshipper of Makhleb the Destroyer
  1371 | D:2      | Reached XP level 4. HP: 22/30 MP: 4/4
  1560 | D:3      | Reached skill level 5 in Fighting
  1561 | D:3      | Reached * piety under Makhleb
  1686 | D:3      | Noticed ninjaorigami's ghost (amateur TeHu)
  1693 | D:3      | Killed ninjaorigami's ghost
  1693 | D:3      | Reached XP level 5. HP: 35/36 MP: 5/5
  1721 | D:3      | Reached skill level 6 in Fighting
  1877 | D:3      | Reached XP level 6. HP: 41/41 MP: 6/6
  2030 | D:4      | Found a white marble altar of Elyvilon.
  2084 | D:4      | Noticed a phantom
  2121 | D:4      | Killed a phantom
  2163 | D:4      | Found a shattered altar of Ashenzari.
  2164 | D:4      | Found a stormy altar of Qazlal.
  2417 | D:4      | Reached skill level 7 in Fighting
  2417 | D:4      | Reached XP level 7. HP: 10/48 MP: 7/7
  2654 | D:4      | Gained mutation: You are somewhat resistant to further mutation. [potion of beneficial mutation]
  2765 | D:5      | Entered Level 5 of the Dungeon
  2831 | D:5      | Found a shimmering altar of Xom.
  2946 | D:5      | Reached skill level 5 in Maces & Flails
  3040 | D:5      | You fall through a shaft for 3 floors!
  3052 | D:8      | Reached skill level 8 in Fighting
  3130 | D:8      | Reached XP level 8. HP: 50/55 MP: 8/8
  3160 | D:8      | Reached ** piety under Makhleb
  3161 | D:8      | Reached skill level 9 in Fighting
  3636 | D:8      | Noticed a hill giant
  3648 | D:8      | Mangled by a hill giant

Vault maps used:
D:1:      evilmike_arrival_rings
D:2:      nicolae_overflow_crystal_walls, old_standard_altar
D:3:      serial_park_tiny_2
D:4:      elyvilon_altar_3, gammafunk_temple_overflow_pools, first_bread
D:5:      trog_eyes_of_draining, basic_altar, uniq_menkaure
D:8:      kennysheep_windowed_halls, kennysheep_little_box,
          hangedman_pestilent_swarm, uniq_grum

Skill      XL: |  1  2  3  4  5  6  7  8 |
---------------+-------------------------+-----
Fighting       | 4 5 6 7 8 9 |  9.8
Maces & Flails | 3 4 5 6 |  6.2
Armour         | |  3.2
Shields        | |  3.2

Action                   |  1- 3 |  4- 6 |  7- 9 || total
-------------------------+-------+-------+-------++-------
Melee: Flail             |    54 |       |       ||    54
       Mace              |    33 |   117 |   190 ||   340
  Use: Scroll            |     7 |     2 |     3 ||    12
       Potion            |     3 |     6 |     5 ||    14
  Eat: Chunk             |     2 |     3 |     3 ||     8
       Bread ration      |       |       |     1 ||     1
Armor: Scale mail        |    34 |    55 |   129 ||   218
Dodge: Dodged            |    26 |    36 |    72 ||   134
Block: Shield            |    40 |    81 |   140 ||   261
